AoeStats
← 无忧无虑

Arena

510526242Analyzed
4v4 RM · 1d ago on Oct 1, 2026· 45m 12s· 8 players
Game mode
Random Map
Map size
Large (8 player)
Population
200
Speed
Normal
Resources
Standard
Victory
Conquest
Starting age
Dark Age
Ending age
Imperial Age
RankedLock teamsTeams togetherTeam positionsShared explorationLock speedFull tech treeHidden civsTurbo modeCheats
Victory
Defeat
🇷🇺 Sicilians · Russia
638
+16
🇨🇳 Celts · China
615
+17
🇳🇴 Vietnamese · Norway
601
+18
🇨🇳 Khmer · China
598
+18
🇨🇳 Teutons · China
723
-50
🇮🇳 Persians · India
682
-19
🇯🇵 Italians · Japan
613
-16
🇯🇵 Mongols · Japan
552
-14
羊驼驼咩
9:43 Feudal Age
11:02 Wheelbarrow
10:16 Double-Bit Axe
10:14 Horse Collar
14:13 Gold Mining
16:33 Stone Mining
19:54 Castle Age
19:58 Fletching
20:08 Padded Archer Armor
21:01 Hand Cart
20:59 Bow Saw
20:51 Heavy Plow
21:29 Bodkin Arrow
21:47 Forging
21:38 Scale Mail Armor
21:45 Scale Barding Armor
25:57 Gold Shaft Mining
25:59 Stone Shaft Mining
29:11 Imperial Age
26:28 Town Watch
28:40 Caravan
29:32 Loom
30:38 Town Patrol
31:56 Crop Rotation
32:14 Leather Archer Armor
31:54 Bodkin Arrow
34:16 Hoardings
34:02 Conscription
33:54 Bracer
34:24 Ring Archer Armor
36:03 Chemistry
35:23 Ballistics
35:14 Masonry
35:46 Fortified Wall
35:33 Murder Holes
35:57 Tusk Swords
36:52 Double Crossbow
37:21 Elite Ballista Elephant
40:37 Architecture
40:13 Siege Engineers
40:00 Guard Tower
46:03 Iron Casting
45:44 Chain Mail Armor
45:49 Chain Barding Armor
46:07 Keep
calxibe
0:27 Loom
11:24 Feudal Age
12:10 Double-Bit Axe
19:28 Castle Age
17:52 Stone Mining
17:52 Gold Mining
19:11 Horse Collar
20:23 Bow Saw
21:01 Stone Shaft Mining
22:09 Caravan
23:24 Wheelbarrow
24:00 Heavy Plow
25:03 Hand Cart
27:42 Thumb Ring
30:11 Imperial Age
27:28 Town Watch
27:25 Elite Skirmisher
30:44 Padded Archer Armor
30:37 Fletching
30:12 Imperial Skirmisher
31:59 Paper Money
32:32 Ballistics
33:14 Chemistry
33:28 Murder Holes
33:47 Bodkin Arrow
34:07 Leather Archer Armor
36:32 Pikeman
37:12 Squires
39:03 Chatras
38:23 Elite Rattan Archer
39:39 Hoardings
39:48 Crop Rotation
40:26 Two-Man Saw
39:50 Halberdier
41:51 Town Patrol
41:56 Bracer
42:26 Ring Archer Armor
42:41 Siege Engineers
42:37 Treadmill Crane
44:04 Fortified Wall
阳光男孩结城
0:31 Loom
13:05 Feudal Age
14:49 Horse Collar
14:56 Double-Bit Axe
16:37 Wheelbarrow
20:09 Castle Age
22:30 Hand Cart
22:01 Town Watch
29:25 Gold Mining
29:26 Stone Mining
33:29 Imperial Age
31:24 Bow Saw
31:27 Heavy Plow
32:03 Fletching
34:37 Conscription
34:17 Bodkin Arrow
36:13 Gold Shaft Mining
36:14 Stone Shaft Mining
35:51 Forging
35:42 Scale Mail Armor
35:10 Elite Woad Raider
36:28 Hoardings
37:37 Furor Celtica
37:20 Stronghold
37:56 Guilds
38:37 Heavy Scorpion
39:59 Iron Casting
39:39 Chain Mail Armor
39:51 Ballistics
40:15 Arson
39:52 Pikeman
42:13 Halberdier
42:39 Capped Ram
45:50 Plate Mail Armor
46:20 Blast Furnace
☨☨☨☨
1:03 Loom
12:05 Feudal Age
17:09 Double-Bit Axe
20:37 Forging
20:30 Scale Mail Armor
25:13 Castle Age
23:32 Gold Mining
23:51 Stone Mining
24:34 Arson
27:28 Bow Saw
27:01 Horse Collar
27:45 Gambesons
28:01 Squires
29:38 Chain Mail Armor
30:32 Heavy Plow
31:16 Town Watch
32:56 Iron Casting
33:19 Wheelbarrow
33:32 Masonry
41:01 Imperial Age
39:54 Husbandry
40:50 Bloodlines
42:09 Conscription
42:11 Murder Holes
42:42 Hand Cart
44:03 Cavalier
45:45 Scale Barding Armor
46:45 Blast Furnace
XzorNEFFEX
11:56 Feudal Age
22:55 Castle Age
24:53 Kamandaran
27:43 Double-Bit Axe
29:00 Crossbowman
32:51 Fletching
33:02 Padded Archer Armor
33:03 Scale Mail Armor
33:14 Forging
35:03 Leather Archer Armor
41:22 Bodkin Arrow
satoshi.urushiyama
0:44 Loom
12:02 Feudal Age
16:06 Horse Collar
19:49 Castle Age
19:41 Wheelbarrow
22:02 Gold Mining
22:02 Stone Mining
22:00 Double-Bit Axe
24:13 Caravan
24:43 Double-Bit Axe
24:54 Gold Mining
24:55 Stone Mining
30:21 Hand Cart
32:30 Bow Saw
38:33 Imperial Age
39:24 Heavy Plow
39:15 Town Watch
40:08 Gold Shaft Mining
40:09 Stone Shaft Mining
39:51 Masonry
40:03 Ballistics
40:50 Chemistry
39:59 Siege Engineers
39:26 Capped Ram
40:51 Onager
41:10 Siege Ram
无忧无虑
12:52 Feudal Age
15:58 Double-Bit Axe
16:25 Horse Collar
17:13 Gold Mining
21:13 Castle Age
20:00 Man-at-Arms
24:33 Forging
24:24 Scale Mail Armor
23:55 Long Swordsman
24:21 Gambesons
24:36 Squires
30:55 Wheelbarrow
34:08 Imperial Age
34:19 Imperial Age
32:10 Hand Cart
35:07 Iron Casting
34:48 Chain Mail Armor
34:52 Town Watch
35:17 Heavy Plow
37:02 Fortified Wall
37:05 Masonry
38:01 Chemistry
36:52 Two-Handed Swordsman
40:35 Bombard Tower
Jawaharlal NEHRU
10:02 Loom
11:48 Feudal Age
15:17 Double-Bit Axe
15:17 Horse Collar
19:24 Castle Age
19:20 Gold Mining
20:07 Fletching
20:18 Padded Archer Armor
22:29 Bodkin Arrow
23:14 Crossbowman
24:28 Bow Saw
25:41 Heavy Plow
28:18 Fortified Wall
28:20 Masonry
27:53 Treadmill Crane
28:39 Ballistics
28:57 Silk Road
29:38 Leather Archer Armor
30:44 Masonry
34:42 Wheelbarrow
36:39 Imperial Age
33:55 Town Watch
36:32 Thumb Ring
37:00 Caravan
38:51 Conscription
41:00 Crop Rotation
42:20 Bloodlines
42:11 Husbandry
41:34 Cavalier
42:30 Forging
42:26 Scale Barding Armor
42:26 Bracer
42:05 Capped Ram
Connection lost

Rejoining the realm…

Still unreachable

The connection could not be restored.

Session expired

The server has moved on; the page needs a fresh start.